 Dungeon Crawl Stone Soup version 0.27-a0-594-g2aaa8dbbc2 (webtiles) character file.

Game seed: 16303940841812578449

473 Gaff the Stinger (level 6, -1/39 (41) HPs)
             Began as a Demonspawn Venom Mage on Mar 11, 2021.
             Was an Initiate of Qazlal.
             Slain by a wight
             ... wielding a +4 spear
              (3 damage)
             ... on level 8 of the Dungeon.
             The game lasted 00:21:46 (5469 turns).

Gaff the Stinger (Demonspawn Venom Mage)            Turns: 5469, Time: 00:21:47

HP:   -1/39 (41)    AC:  6    Str:  8    XL:     6   Next: 84%
MP:   12/12         EV: 16    Int: 19    God:    Qazlal [......]
Gold: 301           SH:  3    Dex: 13    Spells: 10/13 levels left

rFire    . . .     SeeInvis .   r - +2 spear (venom)
rCold    . . .     Faith    .   l - +0 buckler
rNeg     . . .     Spirit   .   a - +0 robe
rPois    .         Reflect  .   (no helmet)
rElec    .         Harm     .   k - scarf {repulsion}
rCorr    .         Rampage  .   h - +0 pair of gloves
Will     .....                  i - +0 pair of boots
Stlth    ++........             (no amulet)
HPRegen  0.13/turn              m - +4 ring of evasion
MPRegen  0.13/turn              (no ring)

@: lightly drained, repel missiles
A: molten scales 1, foul stench 1, powered by death 1
a: Renounce Religion


You were on level 8 of the Dungeon.
You worshipped Qazlal.
Qazlal was noncommittal.
You visited 2 branches of the dungeon, and saw 8 of its levels.

You collected 301 gold pieces.

Inventory:

Hand Weapons
 c - a +0 club
 e - a +0 dagger
 n - a +0 rapier
 r - a +2 spear of venom (weapon)
Armour
 a - a +0 robe (worn)
 h - a +0 pair of gloves (worn)
 i - a +0 pair of boots (worn)
 k - a scarf of repulsion (worn)
 l - a +0 buckler (worn)
 o - a +0 leather armour
 v - a +0 pair of gloves
Jewellery
 m - a +4 ring of evasion (right hand)
Scrolls
 f - 2 scrolls of teleportation
 j - 2 scrolls of magic mapping {unknown}
 t - a scroll of amnesia {unknown}
 w - a scroll of blinking
 x - a scroll of fear
Potions
 b - a potion of lignification
 d - a potion of haste {unknown}
 g - 3 potions of attraction {unknown}
 p - a potion of curing {unknown}
 q - a potion of magic {unknown}
 s - a potion of degeneration
 u - a potion of flight


   Skills:
 * Level 3.4 Dodging
 - Level 1.7 Stealth
 + Level 0.2 Shields
 + Level 4.3 Spellcasting
 - Level 1.0 Transmutations
 - Level 0.8 Air Magic
 + Level 5.3 Poison Magic


You had 10 spell levels left.
You knew the following spells:

 Your Spells              Type           Power      Damage    Failure   Level
a - Sting                 Tmut/Pois      64%        1d6       6%          1
b - Poisonous Vapours     Pois/Air       30%        N/A       9%          2

Your spell library contained the following spells:

 Spells                   Type           Power      Damage    Failure   Level
 Magic Dart               Conj           16%        1d3       22%         1
 Olgreb's Toxic Radiance  Pois           24%        N/A       24%         4
 Ignite Poison            Fire/Tmut/Pois 12%        N/A       26%         3
 Mephitic Cloud           Conj/Pois/Air  11%        N/A       28%         3
 Blink                    Tloc           N/A        N/A       32%         2
 Call Imp                 Summ           4%         N/A       32%         2
 Slow                     Hex            4%         N/A       32%         2
 Conjure Flame            Conj/Fire      4%         6-21      54%         3


Dungeon Overview and Level Annotations

Branches:
Dungeon (6/15)             Temple (1/1) D:4

Altars:
Cheibriados
Elyvilon
Fedhas
Hepliaklqana
Kikubaaqudgha
Makhleb
Nemelex Xobeh
Qazlal
Ru
Sif Muna
Trog
Uskayaw
Vehumet
Wu Jian
Xom
Yredelemnul
Zin
The Shining One

Annotations:
D:4 1 runed translucent door, exclusion: oklob plant, Crazy Yiuf


Innate Abilities, Weirdness & Mutations

You are partially covered in molten scales. (AC +2)
You may rarely emit foul miasma when damaged in melee.
You regenerate a little health from kills.


Message History

Magic restored.
You open the door.
There is an open door here.
Found a robe.
There is an open door here.
You fall into a shaft and drop 3 floors!
The shaft crumbles and collapses.
A two-headed ogre comes into view.
It is wielding a +0 giant spiked club and a +0 giant club.
The two-headed ogre shouts in stereo!
Found 8 gold pieces.
Found a stone staircase leading up.
A scorpion comes into view.
The scorpion stings you but does no damage.
The scorpion stings you! The scorpion stings you.
There is a stone staircase leading up here.
As you read the scroll labelled DOZAADGH ZYEXTA, it crumbles to dust.
You feel strangely unstable.
It was a scroll of teleportation.
The scorpion stings you. You block the two-headed ogre's attack.
The two-headed ogre hits you with a +0 giant club!
* * * LOW HITPOINT WARNING * * *
You open the door.
Your surroundings suddenly seem different.
A wight comes into view. It is wielding a +4 spear.
An adder comes into view.
A wight comes into view. It is wielding a +0 trident.
An orc comes into view. It is wielding a +0 club.
The orc shouts!
You hear a shout!
You closely miss the wight.
The wight hits you but does no damage. x2
The adder hisses angrily.
You hit the wight but do no damage. The wight hits you but does no damage.
The wight hits you from afar with a +4 spear.
* * * LOW HITPOINT WARNING * * *
You block the wight's attack.
You hit the wight.
The wight is lightly damaged.
The wight hits you from afar with a +4 spear!
* * * LOW HITPOINT WARNING * * *
You feel drained.
You die...

..########
...o.....#
...#####.#
#@# ###z###
#..z..#
#.....#####
#...S.....#
#.....###.#
#.....#
#####.# ...


You could see 2 wights and an adder.

Vanquished Creatures
  An orc priest (D:5)
  A bullfrog skeleton (D:4)
  Jessica (D:2)
  An iguana (D:4)
  A worker ant (D:4)
  5 orc wizards
  3 gnolls (D:3)
  8 adders
  5 worms
  7 leopard geckos
  7 orcs
  2 ball pythons
  11 bats
  6 giant cockroaches
  10 goblins
  4 hobgoblins
  4 jackals
  A quokka (D:2)
  5 frilled lizards
  2 kobolds
  A quokka skeleton (D:5)
  8 rats
94 creatures vanquished.

Notes
Turn   | Place    | Note
-------+----------+-------------------------------------------
     0 | D:1      | Gaff the Demonspawn Venom Mage began the quest for the Orb.
     0 | D:1      | Reached XP level 1. HP: 13/13 MP: 3/3
    46 | D:1      | Reached skill level 1 in Transmutations
   257 | D:1      | Gained mutation: You may rarely emit foul miasma when
                  | damaged in melee. [demonic ancestry]
   257 | D:1      | Reached XP level 2. HP: 19/19 MP: 0/5
   683 | D:2      | Noticed Jessica
   702 | D:2      | Killed Jessica
   703 | D:2      | Gained mutation: You are partially covered in molten
                  | scales. (AC +2) [demonic ancestry]
   703 | D:2      | Reached XP level 3. HP: 24/24 MP: 1/6
  1175 | D:1      | Reached skill level 4 in Poison Magic
  1175 | D:1      | Reached XP level 4. HP: 20/30 MP: 3/8
  2293 | D:2      | Reached XP level 5. HP: 35/35 MP: 7/9
  2769 | D:3      | Found a stormy altar of Qazlal.
  3011 | D:3      | Became a worshipper of Qazlal Stormbringer
  3348 | D:3      | Learned a level 2 spell: Poisonous Vapours
  3922 | D:4      | Reached skill level 5 in Poison Magic
  3922 | D:4      | Gained mutation: You regenerate a little health from kills.
                  | [demonic ancestry]
  3922 | D:4      | Reached XP level 6. HP: 39/41 MP: 5/11
  4157 | D:4      | Found a staircase to the Ecumenical Temple.
  4164 | Temple   | Entered the Ecumenical Temple
  4540 | D:4      | Found a runed translucent door.
  4541 | D:4      | Noticed Crazy Yiuf
  4592 | D:4      | Found a blossoming altar of Fedhas.
  4617 | D:4      | Noticed an oklob plant
  4763 | D:5      | Entered Level 5 of the Dungeon
  5329 | D:5      | You fall into a shaft and drop 1 floor!
  5448 | D:5      | You fall into a shaft and drop 3 floors!
  5448 | D:8      | Noticed a two-headed ogre
  5469 | D:8      | HP: 2/41 [wight/+4 spear (8)]
  5469 | D:8      | Slain by a wight

Illustrated notes

Levels and vault maps discovered:
D:1:      lightli_arrival_lavapool, layout_basic, minmay_distorted
D:2:      layout_loops_ring, uniq_jessica
D:3:      layout_loops_ring, nicolae_qazlal_scattered_showers,
          minmay_diced_spiral
D:4:      layout_cave_pools, tgw_fedhas, minmay_temple_entry_nine_rooms,
          hangedman_decor_slide_cut, uniq_crazy_yiuf_cottage
D:5:      layout_gridville, serial_shops, shop
D:6:      layout_basic, basic_altar
D:8:      layout_loops_corners, uniq_erica
Temple:   kb_temple_of_zot

Skill      XL: |  1  2  3  4  5  6 |
---------------+-------------------+-----
Transmutations | 1 |  1.0
Dodging        | 2 3 |  3.4
Poison Magic   | 4 5 |  5.3
Spellcasting   | 3 4 |  4.3
Stealth        | |  1.7
Shields        | |  0.2
Air Magic      | |  0.8

Action                   |  1- 3 |  4- 6 || total
-------------------------+-------+-------++-------
Melee: Club              |     5 |       ||     5
       Dagger            |     4 |    13 ||    17
       Rapier            |       |    12 ||    12
       Spear             |       |    50 ||    50
 Cast: Sting             |    52 |    91 ||   143
       Poisonous Vapours |       |    26 ||    26
  Use: Scroll            |       |     6 ||     6
Armor: Robe              |    19 |    30 ||    49
Dodge: Dodged            |    26 |    84 ||   110
       Repelled          |       |     4 ||     4
Block: Buckler           |       |    15 ||    15

Table legend: (Time is in decaauts)
 A = Elapsed time spent in this place.
 B = Non-inter-level travel time spent in this place.
 C = Inter-level travel time spent in this place.
 D = Time resting spent in this place.
 E = Time spent auto-exploring this place.
 F = Levels seen in this place.
 G = Mean time per level.
                   A        B        C        D        E       F      G
               +--------+--------+--------+--------+--------+-----+--------+
         Total |   5490 |   5312 |    178 |   1534 |   2532 |   8 |  686.2 |
       Dungeon |   5370 |   5207 |    163 |   1534 |   2430 |   7 |  767.1 |
        Temple |    119 |    104 |     15 |      0 |    102 |   1 |  119.0 |
               +--------+--------+--------+--------+--------+-----+--------+

Top non-repeatable levels by time:
     D:2: 1277 daAuts
     D:3: 1261 daAuts
     D:1: 1130 daAuts
     D:4: 1009 daAuts
     D:5: 462 daAuts
     D:6: 207 daAuts
  Temple: 119 daAuts
     D:8: 21 daAuts
